 Dungeon Crawl Stone Soup version 0.31-a0-259-g771a54ca4b (webtiles) character file.

Game seed: 10557661094788532091

30 qw the Shooter (level 3, -3/21 HPs)
             Began as a Gargoyle Hexslinger on July 13, 2023.
             Slain by Sigmund
             ... wielding a +4 scythe of pain
              (9 damage)
             ... on level 1 of the Dungeon.
             The game lasted 00:00:26 (910 turns).

qw the Shooter (Gargoyle Hexslinger)                 Turns: 910, Time: 00:00:27

Health: -3/21      AC:  6    Str: 11    XL:     3   Next: 20%
Magic:  4/4        EV: 11    Int: 13    God:
Gold:   51         SH:  0    Dex: 14    Spells: 3/4 levels left

rFire   . . .        Y - +1 sling
rCold   . . .        (no shield)
rNeg    + . .        f - +0 leather armour
rPois   inf          (no helmet)
rElec   +            (no cloak)
rCorr   .            (no gloves)
SInv    .            (no boots)
Will    .....        b - amulet of faith
Stlth   +            (no ring)
HPRegen 0.23/turn    (no ring)
MPRegen 0.09/turn

%: faith
@: no status effects
A: sickness immunity, AC +3, negative energy resistance 1, electricity
resistance, torment resistance 1, petrification resistance
a: no special abilities


You were on level 1 of the Dungeon.
You visited 1 branch of the dungeon, and saw 2 of its levels.

You collected 51 gold pieces.


Innate Abilities, Weirdness & Mutations

You are immune to sickness and miasma.
Your stone body is resilient. (AC +3)
You are immune to poison.
You resist negative energy. (rN+)
You are resistant to electric shocks. (rElec)
You are resistant to unholy torment.
You are immune to petrification.


   Skills:
 - Level 2.0 Fighting
 + Level 3.2 Ranged Weapons
 - Level 1.5 Dodging
 - Level 1.0 Spellcasting
 - Level 2.6 Hexes


You had 3 spell levels left.
You knew the following spells:

 Your Spells              Type           Power      Damage    Failure   Level
a - Slow                  Hex            28%        N/A       12%         1

Your spell library contained the following spells:

 Spells                   Type           Power      Damage    Failure   Level
 Inner Flame              Hex/Fire       4%         N/A       54%         3
 Portal Projectile        Hex/Tloc       8%         N/A       54%         3
 Cause Fear               Hex            3%         N/A       77%         4

Inventory:

Hand Weapons
 Y - a +1 sling (weapon)
Armour
 f - a +0 leather armour (worn)
Jewellery
 b - an amulet of faith (around neck)
Potions
 d - a potion of curing {unknown}
 e - a potion of haste

Dungeon Overview and Level Annotations

Branches:
Dungeon (2/15)

Altars:

Annotations:
D:1 Sigmund


Message History

(D) Dungeon
Where to? (* - list waypoints, Enter - D:2, ? - help)
What level of the Dungeon? (default 1, ? - help)
You climb downwards.
Level annotation: Sigmund Sigmund hits you with a +4 scythe of pain.
There is a stone staircase leading up here.
900 ||| STAIRDANCE Sigmund hits you but does no damage.
You climb upwards.
There is a stone staircase leading down here.
You shoot a sling bullet. The sling bullet barely misses Sigmund.
Sigmund hits you but does no damage.
You shoot a sling bullet. The sling bullet hits Sigmund.
Sigmund is moderately wounded.
Sigmund hits you with a +4 scythe of pain.
You shoot a sling bullet. The sling bullet hits Sigmund!
Sigmund is severely wounded.
Sigmund casts a spell at you. You resist with significant effort.
You shoot a sling bullet. The sling bullet barely misses Sigmund.
Sigmund gestures at you while chanting. The puff of flame misses you.
You shoot a sling bullet.
The sling bullet closely misses Sigmund.
Sigmund hits you but does no damage.
You shoot a sling bullet. The sling bullet hits Sigmund.
Sigmund is severely wounded.
Sigmund hits you with a +4 scythe of pain.
You shoot a sling bullet. The sling bullet hits Sigmund.
Sigmund is almost dead.
Sigmund hits you but does no damage.
You shoot a sling bullet.
The sling bullet closely misses Sigmund.
Sigmund gestures at you while chanting. The magic dart hits you.
You shoot a sling bullet.
The sling bullet closely misses Sigmund.
Sigmund hits you with a +4 scythe of pain!
You die...

# #.# ##### ###.........# #.#
#...###...)......## #.#
##.......#.........# #.#
#.......##.........# #.#
##....##............#
#.######....#####..........#
#......#.###....##.........#
###...............##........##
..........####.@@...........#
##.....^..# #...............#
#.........###.####..........#
..#...........# #####..#####
.########..#### ##..# .# #...#
#...# .# ##.#.# ###.#.# ##
##....# #...#.# ### ##....##
#.###.#


You could see Sigmund.

Vanquished Creatures
  3 ball pythons (D:1)
  2 bats (D:1)
  2 endoplasms (D:1)
  A giant cockroach (D:1)
  5 hobgoblins (D:1)
  A kobold (D:1)
  4 quokkas (D:1)
  3 frilled lizards (D:1)
  2 goblins (D:1)
  3 rats (D:1)
26 creatures vanquished.

Notes
Turn   | Place    | Note
-------+----------+-------------------------------------------
     0 | D:1      | qw the Gargoyle Hexslinger began the quest for the Orb.
     0 | D:1      | Reached XP level 1. HP: 12/12 MP: 2/2
     0 | D:1      | 0 ||| qw: Version: 0.3-a-52-g30416fa
     0 | D:1      | 0 ||| qw: Game counter: 6948
     0 | D:1      | 0 ||| qw: Melee chars always use a shield: true
     0 | D:1      | 0 ||| qw: God list: Okawaru
     0 | D:1      | 0 ||| qw: Allow faded altars: false
     0 | D:1      | 0 ||| qw: Do Orc after clearing Dungeon:15 true
     0 | D:1      | 0 ||| qw: Do second Lair branch before Depths: true
     0 | D:1      | 0 ||| qw: Lair rune preference: random
     0 | D:1      | 0 ||| qw: Goals: Normal
     0 | D:1      | 0 ||| PLANNING D:1-11
    62 | D:1      | 62 ||| DROPPING scroll of poison.
   185 | D:1      | Reached XP level 2. HP: 16/16 MP: 3/3
   242 | D:1      | Reached skill level 3 in Ranged Weapons
   423 | D:1      | Reached XP level 3. HP: 21/21 MP: 4/4
   695 | D:1      | 695 ||| UPGRADING to +0 leather armour.
   705 | D:1      | 705 ||| DROPPING +0 robe.
   706 | D:1      | 706 ||| UPGRADING to amulet of faith.
   711 | D:1      | 711 ||| READING scroll labelled ZIMIGIRRUBLA.
   712 | D:1      | 712 ||| DRINKING 2 murky white potions.
   778 | D:2      | Noticed Sigmund
   789 | D:2      | 789 ||| STAIRDANCE
   850 | D:2      | 850 ||| STAIRDANCE
   875 | D:2      | 875 ||| STAIRDANCE
   900 | D:2      | 900 ||| STAIRDANCE
   910 | D:1      | Slain by Sigmund

Levels and vault maps discovered:
D:1:      zelgadis_glass_arrival_large, layout_rooms, hangedman_glass_teeth,
          dreamdust_mushroom_princess, minmay_liquid_box,
          nicolae_kite_square_tiling_tiny
D:2:      layout_loops_cross, uniq_robin, uniq_sigmund

Skill      XL: |  1  2 |
---------------+-------+-----
Ranged Weapons | 3 |  3.2
Fighting       | 2 |  2.0
Dodging        | |  1.5
Spellcasting   | |  1.0
Hexes          | |  2.6

Action                     || total
---------------------------++-------
   Fire: Sling             ||   108
    Use: Scroll            ||     1
         Potion            ||     1
 Armour: Robe              ||    17
         Leather armour    ||     4
  Dodge: Dodged            ||    28

Table legend:
 A = Non-vault XP
 B = Vault XP
 C = Vault XP percentage of total XP
 D = Non-vault monster count
 E = Vault monster count
 F = Vault count percentage of total count
                 A         B        C        D         E       F
            +---------+---------+-------+---------+---------+-------
      Total |      44 |       0 |   0.0 |      26 |       0 |   0.0
            +---------+---------+-------+---------+---------+-------
        D:1 |      44 |       0 |   0.0 |      26 |       0 |   0.0
            +---------+---------+-------+---------+---------+-------
